 Dungeon Crawl Stone Soup version 0.29-a0-350-g7790a0e70a (webtiles) character file.

Game seed: 2344595130101092782

193 NinjaNoafa the Bolt Thrower (level 5, -3/46 HPs)
             Began as a Minotaur Hunter on Apr 22, 2022.
             Succumbed to Sigmund's poison
             ... on level 3 of the Dungeon.
             The game lasted 00:06:37 (1809 turns).

NinjaNoafa the Bolt Thrower (Minotaur Hunter)       Turns: 1809, Time: 00:06:38

Health: -3/46      AC:  3    Str: 12 (15) XL:     5   Next: 44%
Magic:  3/3        EV: 13    Int:  2 (4)  God:
Gold:   121        SH:  0    Dex: 21 (22) Spells: 4/4 levels left

rFire   . . .      SeeInvis .   d - +0 short sword
rCold   . . .      Faith    .   (no shield)
rNeg    + . .      Spirit   .   b - +0 leather armour
rPois   .          Reflect  .   (helmet restricted)
rElec   .          Harm     .   (no cloak)
rCorr   .          Rampage  .   (no gloves)
Will    .....                   (no boots)
Stlth   ++........              (no amulet)
HPRegen 0.15/turn               p - +6 ring of dexterity
MPRegen 0.08/turn               g - ring of positive energy

@: lethally poisoned (-3 -> -27), about to teleport
A: horns 2, retaliatory headbutt, talons 1, dopey 1, low MP 1
a: no special abilities


You were on level 3 of the Dungeon.
You visited 1 branch of the dungeon, and saw 3 of its levels.

You collected 121 gold pieces.

Inventory:

Hand Weapons
 a - a +1 hand crossbow
 d - a +0 short sword (weapon)
Missiles
 e - 55 stones (quivered)
 q - a throwing net
Armour
 b - a +0 leather armour (worn)
Jewellery
 g - a ring of positive energy (right hand)
 p - a +6 ring of dexterity (left hand)
 r - a ring of resist corrosion
Scrolls
 c - a scroll of immolation
 j - 2 scrolls of vulnerability
 k - a scroll of magic mapping


   Skills:
 + Level 3.7 Fighting
 + Level 1.1 Short Blades
 + Level 5.1 Crossbows
 + Level 2.3 Armour
 + Level 3.3 Dodging
 - Level 2.0 Stealth


You had 4 spell levels left.
You didn't know any spells.
Your spell library contained the following spells:

 Spells                   Type           Power      Damage    Failure   Level
 Apportation              Tloc           0%         N/A       63%         1
 Beastly Appendage        Tmut           0%         N/A       63%         1
 Corpse Rot               Necr/Air       0%         N/A       77%         2
 Wereblood                Tmut           0%         N/A       77%         2
 Spider Form              Tmut/Pois      0%         N/A       94%         3
 Dispel Undead            Necr           0%         3d6       100%        4
 Alistair's Intoxication  Tmut/Pois      0%         N/A       100%        5
 Death Channel            Necr           0%         N/A       100%        6


Dungeon Overview and Level Annotations

Branches:
Dungeon (3/15)

Altars:

Annotations:
D:3 Sigmund


Innate Abilities, Weirdness & Mutations

You have a pair of horns on your head.
You reflexively headbutt those who attack you in melee.
You have sharp toenails.
You are dopey. (Int -2)
Your magical capacity is low. (-10% MP)


Message History

As you read the scroll of identify, it crumbles to dust.
s - a scroll of summoning Sigmund gestures at you while chanting.
The puff of flame hits you!
You feel agile.
p - a +6 ring of dexterity (left hand)
g - a ring of positive energy (right hand) Sigmund gestures at you while chanting.
You are confused.
Okay, then.
You don't know any spells.
a - a +1 hand crossbow (weapon)
You shoot a bolt. Sigmund gestures at you while chanting.
The magic dart hits you.
You shoot a bolt. Sigmund closely misses you.
You shoot a bolt.
d - a +0 short sword (weapon)
Sigmund closely misses you.
You feel less confused.
Sigmund gestures wildly while chanting.
Sigmund flickers and vanishes!
Deactivating autopickup; reactivate with Ctrl-A.
You hit something. You claw something. Your headbutt misses something.
You hear some strange, mumbled words.
Something tries to affect you, but you resist.
Okay, then.
You aren't carrying any potions.
As you read the scroll of summoning, it crumbles to dust.
Wisps of shadow whirl around you... Something hits you!
You are lethally poisoned!
Something hits you.
* * * LOW HITPOINT WARNING * * *
You are more poisoned.
* * * LOW HITPOINT WARNING * * *
You feel extremely sick.
You aren't carrying any potions.
As you read the scroll of teleportation, it crumbles to dust.
You feel strangely unstable.
You die...

..# ..# ###..# #
##.#..# #.##.....#.#
#.#.....##)##
#..........<#
#..{g@..##..#
#..#.ll.##..# ##.
##...##..#
....###..##..#
###...........#
....###.####.#######
........# #.......#
##.###### #.#####.#
#.#


You could see a friendly hobgoblin (summoned) and 2 friendly frilled lizards.

Vanquished Creatures
  Ijyb (D:3)
  2 orc wizards (D:2)
  2 adders (D:2)
  3 gnolls (D:2)
  3 dart slugs (D:2)
  2 orcs (D:2)
  4 ball pythons
  5 bats
  6 endoplasms
  2 giant cockroaches (D:1)
  6 goblins
  10 hobgoblins
  2 jackals (D:2)
  2 quokkas
  A frilled lizard (D:1)
  7 kobolds
  4 rats
62 creatures vanquished.

Notes
Turn   | Place    | Note
-------+----------+-------------------------------------------
     0 | D:1      | NinjaNoafa the Minotaur Hunter began the quest for the Orb.
     0 | D:1      | Reached XP level 1. HP: 18/18 MP: 0/0
     9 | D:1      | Reached skill level 1 in Stealth
    99 | D:1      | Reached XP level 2. HP: 25/25 MP: 1/1
   692 | D:2      | Reached XP level 3. HP: 31/31 MP: 2/2
   816 | D:2      | Reached skill level 1 in Armour
   917 | D:2      | Reached XP level 4. HP: 36/38 MP: 3/3
  1232 | D:2      | Reached skill level 5 in Crossbows
  1232 | D:2      | Reached XP level 5. HP: 31/45 MP: 4/4
  1483 | D:2      | Reached skill level 1 in Short Blades
  1517 | D:3      | Noticed Ijyb
  1526 | D:3      | Gained mutation: You are dopey. (Int -2) [potion of
                  | mutation]
  1526 | D:3      | Gained mutation: Your magical capacity is low. (-10% MP)
                  | [potion of mutation]
  1526 | D:3      | Gained mutation: You have sharp toenails. [potion of
                  | mutation]
  1544 | D:3      | Killed Ijyb
  1793 | D:3      | Noticed Sigmund
  1808 | D:3      | HP: 2/46 [poisoned by Sigmund]
  1809 | D:3      | Succumbed to Sigmund's poison

Illustrated notes

Levels and vault maps discovered:
D:1:      dpeg_arrival_rooms_with_view, layout_loops_cross, grunt_decor_clamped
D:2:      minmay_chambers_of_ones, layout_basic, minmay_pentomino_t2
D:3:      layout_loops_ring, nicolae_ashenzari_panopticon,
          dreamdust_ecumenical_altar_angels_and_demons, minmay_ruptured,
          uniq_terence, uniq_sigmund, uniq_ijyb

Skill      XL: |  1  2  3  4  5 |
---------------+----------------+-----
Stealth        | 1 2 |  2.0
Fighting       | 3 |  3.7
Armour         | 1 2 |  2.3
Dodging        | 3 |  3.3
Crossbows      | 5 |  5.1
Short Blades   | 1 |  1.1

Action                   |  1- 3 |  4- 6 || total
-------------------------+-------+-------++-------
Melee: Short sword       |       |    10 ||    10
       Headbutt          |       |     3 ||     3
       Hand crossbow     |       |     2 ||     2
       Kick              |       |     1 ||     1
 Fire: Hand crossbow     |    80 |    54 ||   134
  Use: Scroll            |       |     6 ||     6
       Potion            |       |     5 ||     5
Armor: Leather armour    |     3 |     9 ||    12
Dodge: Dodged            |    18 |    26 ||    44

Table legend: (Time is in decaauts)
 A = Elapsed time spent in this place.
 B = Non-inter-level travel time spent in this place.
 C = Inter-level travel time spent in this place.
 D = Time resting spent in this place.
 E = Time spent auto-exploring this place.
 F = Levels seen in this place.
 G = Mean time per level.
                   A        B        C        D        E       F      G
               +--------+--------+--------+--------+--------+-----+--------+
         Total |   1825 |   1783 |     42 |      0 |   1455 |   3 |  608.3 |
       Dungeon |   1825 |   1783 |     42 |      0 |   1455 |   3 |  608.3 |
               +--------+--------+--------+--------+--------+-----+--------+

Top non-repeatable levels by time:
     D:2: 853 daAuts
     D:1: 699 daAuts
     D:3: 272 daAuts
